 Dungeon Crawl Stone Soup version 0.26.0-57-g60708a5e39 (webtiles) character file.

Game seed: 3988962794506297714

687 kaeus the Insei (level 7, -1/53 HPs)
             Began as a Purple Draconian Transmuter on Feb 1, 2021.
             Was a Follower of Cheibriados.
             Slain by Duvessa
             ... wielding a +0 short sword
              (12 damage)
             ... on level 6 of the Dungeon.
             The game lasted 00:08:44 (5486 turns).

kaeus the Insei (Purple Draconian Transmuter)       Turns: 5486, Time: 00:08:45

Health: -1/53      AC:  2    Str: 15    XL:     7   Next: 35%
Magic:  11/12      EV: 20    Int: 21    God:    Cheibriados [*.....]
Gold:   190        SH:  0    Dex: 20    Spells: 4/12 levels left

rFire    . . .     SeeInvis .     - Unarmed
rCold    . . .     Faith    .   (shield currently unavailable)
rNeg     . . .     Spirit   .   (armour unavailable)
rPois    x         Reflect  .   (helmet currently unavailable)
rElec    .         Harm     .   (cloak currently unavailable)
rCorr    .         Rampage  .   (gloves currently unavailable)
Will     +....                  (boots currently unavailable)
Stlth    +.........             (no amulet)
HPRegen  0.17/turn              g - ring of stealth
MPRegen  0.13/turn              e - +6 ring of intelligence

@: spider-form, glowing, very slow
A: tiny, (breathe power), unfitting armour, AC +6
a: End Transformation, Renounce Religion, Bend Time


You were on level 6 of the Dungeon.
You worshipped Cheibriados.
Cheibriados was aware of your devotion.
You were a venomous arachnid creature.
You visited 1 branch of the dungeon, and saw 6 of its levels.

You collected 190 gold pieces.

Inventory:

Armour
 f - a +0 pair of gloves (melded)
 s - a +1 cloak of preservation (melded)
Jewellery
 a - an uncursed ring of ice
 e - a +6 ring of intelligence (right front leg)
 g - a ring of stealth (left front leg)
 t - an uncursed ring of ice
 v - an uncursed ring of willpower {unknown}
Wands
 p - a wand of acid (7)
 w - a wand of flame (25)
Scrolls
 c - 3 scrolls of enchant weapon
 d - a scroll of fear {unknown}
 j - a scroll of enchant armour {unknown}
 k - a scroll of noise {unknown}
 l - a scroll of blinking
 n - a scroll of immolation {unknown}
 q - 2 scrolls of identify
 r - a scroll of teleportation {unknown}
Potions
 b - 4 potions of curing
 h - a potion of lignification {unknown}
 i - a potion of brilliance
 m - 2 potions of heal wounds
 o - a potion of berserk rage {unknown}
 u - a potion of might
 x - a potion of mutation {unknown}


   Skills:
 - Level 1.7 Fighting
 - Level 2.1 Dodging
 + Level 7.6 Unarmed Combat
 - Level 3.3 Spellcasting
 - Level 2.9 Transmutations
 - Level 1.3 Poison Magic


You had 4 spell levels left.
You knew the following spells:

 Your Spells              Type           Power        Failure   Level
a - Spider Form           Tmut/Pois      6%           34%         3
b - Beastly Appendage     Tmut           30%          12%         1
c - Ice Form              Ice/Tmut       9%           77%         4

Your spell library contained the following spells:

 Spells                   Type           Power        Failure   Level
 Wereblood                Tmut           15%          17%         2
 Blade Hands              Tmut           7%           87%         5


Dungeon Overview and Level Annotations

Branches:
Dungeon (5/15)             Temple (0/1) D:4

Altars:
Cheibriados
Hepliaklqana
Sif Muna
Wu Jian

Annotations:
D:6 Duvessa


Innate Abilities, Weirdness & Mutations

((You can breathe bolts of dispelling energy.))
((Your rich purple scales are hard. (AC +6)))
You cannot fit into any form of body armour.
((You are cold-blooded and may be slowed by cold attacks.))


Message History

Duvessa goes berserk!
Duvessa hits you with a +0 short sword.
* * * LOW HITPOINT WARNING * * *
Duvessa closely misses you.
You take 2 damage, and have 5/53 hp.
You bite Duvessa!
Duvessa looks as sick as possible!
Duvessa is heavily wounded.
You feel sick. Duvessa closely misses you.
You take 1 damage, and have 4/53 hp.
You hit Duvessa.
Duvessa is severely wounded.
Duvessa completely misses you.
You bite Duvessa!
Duvessa looks as sick as possible!
Duvessa is severely wounded.
Duvessa barely misses you. Duvessa closely misses you.
You feel better. Duvessa closely misses you.
You regained 7 hp, and now have 11/53 hp.
You hit Duvessa.
Duvessa is almost dead.
Duvessa hits you with a +0 short sword!
You die...

#.....# #.....# #.....#
#.....###+#####
#.....#.......####
#.....#..........#
#....†#..........######
#....e#..........#.....
+....)s..........#.....
#.....#..........#.....
#######..........#.....
########...#.....
#.........#.....
#.........#.....
#######.......###.....
..............(.+.....
######.######.##.....


You could see Duvessa (berserk, extremely poisoned).

Vanquished Creatures
  A necrophage (D:6)
  Dowan (D:6)
  2 scorpions (D:4)
  Crazy Yiuf (D:3)
  An orc priest (D:4)
  A jelly (D:2)
  A bullfrog skeleton (D:4)
  An iguana (D:4)
  4 worker ants
  9 adders
  A white imp (D:4)
  4 oozes
  2 worms
  A dart slug (D:1)
  5 leopard geckos
  7 orcs
  2 ball pythons
  12 bats
  4 giant cockroaches
  11 goblins
  12 hobgoblins
  3 jackals (D:3)
  11 kobolds
  A quokka (D:3)
  4 frilled lizards
  7 rats
109 creatures vanquished.

Vanquished Creatures (others)
  A fungus (D:3)
1 creature vanquished.

Grand Total: 110 creatures vanquished

Notes
Turn   | Place    | Note
-------+----------+-------------------------------------------
     0 | D:1      | kaeus the Draconian Transmuter began the quest for the Orb.
     0 | D:1      | Reached XP level 1. HP: 16/16 MP: 3/3
   130 | D:1      | Reached XP level 2. HP: 22/23 MP: 3/5
   450 | D:1      | Reached XP level 3. HP: 22/29 MP: 4/6
   596 | D:1      | Learned a level 3 spell: Spider Form
  1752 | D:2      | Reached skill level 1 in Poison Magic
  1752 | D:2      | Reached XP level 4. HP: 29/36 MP: 7/7
  2128 | D:2      | Found a shimmering blue altar of Sif Muna.
  2421 | D:2      | Reached skill level 4 in Unarmed Combat
  2574 | D:2      | Reached XP level 5. HP: 41/41 MP: 9/9
  3325 | D:3      | Found a runed translucent door.
  3326 | D:3      | Noticed Crazy Yiuf
  3426 | D:3      | Found a snail-covered altar of Cheibriados.
  3483 | D:3      | Became a worshipper of Cheibriados the Contemplative
  3503 | D:4      | Reached skill level 5 in Unarmed Combat
  3515 | D:4      | Reached XP level 6. HP: 38/48 MP: 8/10
  4023 | D:4      | Learned a level 4 spell: Ice Form
  4031 | D:4      | Reached skill level 6 in Unarmed Combat
  4496 | D:4      | Found a staircase to the Ecumenical Temple.
  4526 | D:4      | Found a hazy altar of Hepliaklqana.
  4527 | D:4      | Found an ornate altar of the Wu Jian Council.
  4584 | D:3      | Reached * piety under Cheibriados
  4987 | D:3      | Killed Crazy Yiuf
  4988 | D:3      | Your scales start taking on a rich purple colour.
  4988 | D:3      | Reached XP level 7. HP: 53/53 MP: 8/12
  5292 | D:5      | Entered Level 5 of the Dungeon
  5302 | D:5      | You fall into a shaft and drop 1 floor!
  5327 | D:6      | Reached skill level 7 in Unarmed Combat
  5466 | D:6      | Noticed Dowan
  5466 | D:6      | Noticed Duvessa
  5481 | D:6      | Killed Dowan
  5486 | D:6      | Slain by Duvessa

Illustrated notes

Levels and vault maps discovered:
D:1:      dpeg_arrival_oval, layout_basic
D:2:      layout_basic, led_sif_pool, columned_hall_lemuel
D:3:      layout_loops_ring, general_overflow_altar,
          hangedman_abyss_or_decor_lesser_grid, minmay_surrounded,
          uniq_crazy_yiuf_cottage
D:4:      layout_cave_pools, chequers_temple_overflow_statue_of_worship,
          temple_green, nzn_random_ring
D:5:      wad_lake_hut, layout_cave_pools, zin_scriptorium,
          okawaru_metal_pillars_3, basic_altar, bh_walls_and_bars
D:6:      layout_basic, minivault_19, grunt_ministairs_12, uniq_duvessa

Skill      XL: |  1  2  3  4  5  6  7 |
---------------+----------------------+-----
Dodging        | 2 |  2.1
Poison Magic   | 1 |  1.3
Unarmed Combat | 4 5 6 7 |  7.6
Spellcasting   | 3 |  3.3
Fighting       | |  1.7
Transmutations | |  2.9

Action                   |  1- 3 |  4- 6 |  7- 9 || total
-------------------------+-------+-------+-------++-------
Melee: Unarmed           |    75 |   241 |    25 ||   341
       Headbutt          |     9 |     2 |       ||    11
       Tailslap          |     5 |    11 |       ||    16
       Kick              |    14 |     1 |       ||    15
       Punch             |     2 |     1 |       ||     3
 Cast: Beastly Appendage |    20 |     4 |       ||    24
       Spider Form       |       |    26 |     4 ||    30
 Abil: Breathe Dispellin |       |       |     1 ||     1
  Use: Scroll            |       |     5 |       ||     5
       Potion            |       |     2 |     1 ||     3
 Stab: Sleeping          |       |     8 |       ||     8
       Invisible         |       |     1 |       ||     1
Armor: Skin              |    26 |    44 |     4 ||    74
Dodge: Dodged            |    42 |   188 |    27 ||   257
